 Dungeon Crawl Stone Soup version 0.18-a0-1186-gd02dc51 (webtiles) character file.

796 Kidiri the Conjurer (level 7, -4/38 HPs)
             Began as a Deep Elf Conjurer on Jan 28, 2016.
             Slain by an orc
             ... wielding a +0 flail
              (7 damage)
             ... on level 5 of the Dungeon.
             The game lasted 00:19:28 (5610 turns).

Kidiri the Conjurer (Deep Elf Conjurer)             Turns: 5610, Time: 00:19:29

Health: -4/38      AC:  6    Str: 11    XL:     7   Next: 58%
Magic:  1/17       EV: 20    Int: 22    God:
Gold:   173        SH:  5    Dex: 20    Spells: 5 memorised, 3 levels left

rFire  + . .     SeeInvis .     s - +0 rapier
rCold  + . .     Gourm    .     i - +0 leather armour
rNeg   . . .     Faith    .     f - +0 buckler
rPois  .         Spirit   .     j - +0 helmet of Supple Strength {rC++ Str+6 Slay-6}
rElec  .         Dismiss  .     m - +0 cloak
rCorr  .         Reflect  .     (no gloves)
SustAt .         Harm     .     o - +0 pair of boots
MR     .....                    (no amulet)
Stlth  ++++......               (no ring)
                                q - ring of fire

@: agile, lethally poisoned (-4 -> -5), not resistant to hostile enchantments,
stealthy
A: no striking features
a: no special abilities


You were on level 5 of the Dungeon.
You were not hungry.

You visited 2 branches of the dungeon, and saw 6 of its levels.

You collected 173 gold pieces.

Inventory:

Hand Weapons
 s - a +0 rapier (weapon)
Armour
 f - a +0 buckler (worn)
 i - a +0 leather armour (worn)
 j - the +0 helmet of Supple Strength (worn) {rC++ Str+6 Slay-6}
   (You took it off Robin on level 2 of the Dungeon)

   It affects your strength (+6).
   It affects your accuracy and damage with ranged weapons and melee attacks
   (-6).
   It greatly protects you from cold.
 m - a +0 cloak (worn)
 o - a +0 pair of boots (worn)
Jewellery
 q - a ring of fire (left hand)
Scrolls
 a - a scroll of identify {unknown}
 d - 3 scrolls of remove curse
 n - a scroll of amnesia {unknown}
 p - a scroll of magic mapping {unknown}
 t - a scroll of enchant weapon {unknown}
Books
 b - a book of Conjurations

   Spells                             Type                      Level
   a - Magic Dart                     Conjuration                  1
   b - Searing Ray                    Conjuration                  2
   c - Dazzling Spray                 Conjuration/Hexes            3
   d - Fulminant Prism                Conjuration/Hexes            4
   e - Iskenderun's Mystic Blast      Conjuration                  4
   f - Iskenderun's Battlesphere      Conjuration/Charms           5
 v - a book of the Sky

   Spells                             Type                      Level
   a - Summon Lightning Spire         Summoning/Air                4
   b - Airstrike                      Air                          4
   c - Silence                        Hexes/Air                    5
   d - Deflect Missiles               Charms/Air                   6
   e - Conjure Ball Lightning         Conjuration/Air              6
   f - Tornado                        Air                          9
Comestibles
 c - 4 bread rations
 k - 3 meat rations


   Skills:
 + Level 1.5 Fighting
 + Level 1.8 Armour
 * Level 5.0 Dodging
 + Level 3.9 Stealth
 * Level 2.2 Shields
 * Level 5.5 Spellcasting
 * Level 6.0 Conjurations
 + Level 2.0 Hexes


You had 3 spell levels left.
You knew the following spells:

 Your Spells              Type           Power        Failure   Level  Hunger
a - Magic Dart            Conj           ####         1%          1    None
b - Searing Ray           Conj           ####..       1%          2    None
c - Dazzling Spray        Conj/Hex       ###.....     12%         3    ##.....
d - Iskenderun's Mystic   Conj           ####....     17%         4    ####...
e - Fulminant Prism       Conj/Hex       ###.......   34%         4    ####...


Dungeon Overview and Level Annotations

Branches:
Dungeon (5/15)             Temple (1/1) D:4

Altars:
Ashenzari
Cheibriados
Fedhas
Kikubaaqudgha
Makhleb
Nemelex Xobeh
Pakellas
Qazlal
Ru
Sif Muna
Trog
Zin
The Shining One


Message History

The orc priest is no longer blind.
The orc misses you.
The orc priest calls upon Beogh to heal the orc.
The orc's wounds heal themselves!
Unknown command.
You hit the orc priest but do no damage.
The orc priest is moderately wounded.
You feel sick. The orc misses you. The orc priest misses you.
Unknown command.
Casting: Magic Dart
Confirm with . or Enter, or press ? or * to list all spells.
Aiming: Magic Dart
Press: ? - help, Shift-Dir - straight line, f - orc priest, p - orc
Aim: an orc priest, wielding a mace and wearing a chain mail (moderately wounded)
The magic dart hits the orc priest.
The orc priest is heavily wounded.
The orc barely misses you. The orc priest completely misses you.
You hit the orc priest but do no damage.
The orc priest is heavily wounded.
The orc hits you with a flail!
You die...

#.# #.#..# ##. #.#
#.#..# #... #.# ###.#...
#... #.# #.....♣P .....
#.#####.#..♣♣♣ .....##
#....##....♣♣♣
..8....####...........♣♣
#....[.###%#.###♣♣♣♣♣≈
##8.)@o..')#.###♣P♣♣.≈
#....o.#####.##..≈≈≈≈.
..8=...### #.##.≈P♣♣♣≈
.....## #.##.♣♣♣ ♣♣
..... #......♣ P #...
#######.# ♣ #.. ♣ ##.


You could see an orc priest and an orc.

Vanquished Creatures
  Edmund (D:4)
  A centaur (D:4)
  The ghost of Kidiri the Conjurer, an amateur DECj (D:3)
  Blork the orc (D:4)
  A hound (D:4)
  An orc priest (D:5)
  3 orc wizards (D:4)
  4 worker ants
  Robin (D:2)
  3 gnolls (D:4)
  9 adders
  A shadow imp (D:5)
  An adder skeleton (D:4)
  2 worms
  3 giant geckos
  10 orcs
  11 bats
  6 giant cockroaches
  13 goblins
  10 hobgoblins
  2 jackals (D:3)
  4 quokkas
  5 giant newts
  7 kobolds
  A quokka skeleton (D:5)
  6 rats
108 creatures vanquished.

Vanquished Creatures (others)
  An orc (D:5)
1 creature vanquished.

Grand Total: 109 creatures vanquished

Notes
Turn   | Place    | Note
--------------------------------------------------------------
     0 | D:1      | Kidiri the Deep Elf Conjurer began the quest for the Orb.
     0 | D:1      | Reached XP level 1. HP: 10/10 MP: 6/6
   152 | D:1      | Reached XP level 2. HP: 15/15 MP: 2/8
   156 | D:1      | Learned a level 2 spell: Searing Ray
   728 | D:2      | Reached XP level 3. HP: 18/20 MP: 2/9
  1027 | D:1      | Learned a level 3 spell: Dazzling Spray
  1047 | D:2      | Noticed Robin
  1125 | D:2      | Killed Robin
  1166 | D:2      | Got a transparent helmet
  1179 | D:1      | Identified the +0 helmet of Supple Strength {rC++ Str+6 Slay-6} (You took it off Robin on level 2 of the Dungeon)
  1414 | D:2      | Reached XP level 4. HP: 14/24 MP: 0/11
  1420 | D:2      | Learned a level 4 spell: Iskenderun's Mystic Blast
  1653 | D:2      | Found a sparkling altar of Nemelex Xobeh.
  1845 | D:2      | Reached skill level 1 in Fighting
  2001 | D:2      | Reached skill level 1 in Armour
  2098 | D:3      | Noticed Kidiri's ghost (amateur DECj)
  2570 | D:3      | Killed Kidiri's ghost
  2570 | D:3      | Reached skill level 5 in Conjurations
  2570 | D:3      | Reached XP level 5. HP: 15/29 MP: 4/13
  2844 | D:3      | Reached skill level 1 in Hexes
  3344 | D:4      | Noticed Blork the orc
  3351 | D:4      | Reached skill level 1 in Shields
  3354 | D:4      | Killed Blork the orc
  3354 | D:4      | Reached XP level 6. HP: 34/34 MP: 4/14
  3360 | D:4      | Learned a level 4 spell: Fulminant Prism
  3819 | D:4      | Found a staircase to the Ecumenical Temple.
  3830 | Temple   | Entered the Ecumenical Temple
  4180 | D:4      | Reached skill level 5 in Spellcasting
  4180 | D:4      | Reached XP level 7. HP: 35/38 MP: 9/16
  4554 | D:4      | Noticed Edmund
  4911 | D:4      | Killed Edmund
  5370 | D:5      | Entered Level 5 of the Dungeon
  5438 | D:5      | Reached skill level 5 in Dodging
  5587 | D:5      | Reached skill level 6 in Conjurations
  5610 | D:5      | Slain by an orc

Vault maps used:
D:1:      saegor_arrival_simple_a, minmay_misc_feat_five
D:2:      nicolae_overflow_crystal_walls, uniq_robin
D:3:      first_bread
D:4:      minmay_temple_entry_mist, uniq_blork_the_orc, uniq_edmund
D:5:      minmay_overflow_temple_star_quad, serial_bayou_crossing
Temple:   triangle_lava_temple_12

Action                   |  1- 3 |  4- 6 |  7- 9 || total
-------------------------+-------+-------+-------++-------
Melee: Whip              |     1 |       |       ||     1
       Dagger            |    17 |     3 |       ||    20
       Rapier            |       |    14 |    45 ||    59
 Cast: Magic Dart        |    46 |   110 |    43 ||   199
       Dazzling Spray    |     6 |    11 |    25 ||    42
       Iskenderun's Myst |       |     1 |     1 ||     2
       Searing Ray       |       |     1 |       ||     1
  Use: Potion            |     4 |     1 |     5 ||    10
       Scroll            |       |     5 |       ||     5
 Stab: Invisible         |       |     1 |     8 ||     9
       Sleeping          |       |     1 |     1 ||     2
  Eat: Chunk             |     2 |     9 |     3 ||    14
       Bread ration      |       |       |     1 ||     1
       Beef jerky        |       |       |     1 ||     1
